[Event "53rd Mar Del Plata Open 2024"]
[Site "Mar Del Plata"]
[Date "2024.03.25"]
[Round "3.1"]
[White "Ocampos, Ian"]
[Black "Christiansen, Johan-Sebastian"]
[Result "0-1"]
[ECO "C19"]
[WhiteElo "2208"]
[BlackElo "2633"]
[Annotator "TA"]
[PlyCount "146"]
[EventDate "2024.03.23"]
[EventType "swiss"]
[EventCountry "ARG"]
[SourceTitle "playchess.com"]
[Source "ChessBase"]
[SourceQuality "1"]
[TimeControl "5400+30"]

1. e4 e6 2. d4 d5 3. Nc3 Bb4 4. e5 c5 5. a3 Bxc3+ 6. bxc3 Qc7 7. h4 Ne7 8. h5 h6 9. Nf3 b6 10. a4 Ba6 11. Bxa6 Nxa6 12. O-O Rc8 {[%emt 0:02:57] Black is slightly better.} 13. Qe2 Nb8 14. a5 Nd7 15. axb6 axb6 16. dxc5 bxc5 17. c4 dxc4 18. Qxc4 O-O 19. Re1 Rb8 20. Bd2 Rfc8 21. Ra3 Nc6 22. Qe4 Ra8 23. Rae3 Nb6 24. Qg4 Ne7 25. Re4 Kh8 26. Qf4 Rf8 27. g4 (27. c4 $11) 27... Ra3 28. Nh4 (28. c4 $11 {remains equal.}) 28... Qd8 (28... Nbd5 $17 29. Qh2 Ra2) 29. Bc1 (29. g5 $1 $11 {was the only way to keep the balance.} hxg5 30. Qxg5) 29... Ned5 (29... Nbd5 $1 $17 30. Qd2 Rh3) 30. Qh2 $15 Ra1 31. Qg3 {[%emt 0:01:26] Dodges Nc3} Ne7 (31... Nb4 $15 32. R4e2 Na2) 32. Qc3 ({White should try} 32. g5 $14) 32... Qa8 33. f3 (33. Qf3 $11 {keeps the balance.}) 33... Ned5 $17 34. Qd2 Qd8 (34... Rd8 $1 $19 {[%cal Od5f6] Hoping for ...Nf6!} 35. R4e2 Nc4) 35. Ng2 $15 c4 (35... Ra2 $17 36. R1e2 Rg8) 36. Qd4 Ra2 37. R1e2 (37. Qf2 $15) 37... Na4 (37... Qc7 $17 {Threatens to win with ...Rd8.} 38. Rf2 c3) 38. Qxc4 $2 ({Better is} 38. Rf2 $15) 38... Nac3 $19 39. Re1 Rxc2 {[%emt 0:00:44] And now ...Qb6+ would win.} 40. Qb3 Ra2 41. Rc4 Ne2+ {[%emt 0:00:28] A dynamic duo of knights.} (41... Qa5 $1 $19 42. Kh2 Qa7 43. Rxc3 Nxc3 (43... Qf2 $2 44. Qxa2 Qxa2 45. Ra3 $19)) 42. Kf1 (42. Rxe2 $142 Rxe2 43. Kf1 Rxe5 44. f4 Nxf4 45. Rxf4) 42... Ng3+ (42... Nxc1 $17 43. Rexc1 Qa8) 43. Kg1 $11 Ne2+ $2 (43... Qa8 $11 44. Rc2 Ra4) 44. Kf1 $1 $19 Nxc1 45. Rexc1 Qa8 {[%emt 0:00:45] Strongly threatening ...Qa7.} 46. Qd3 (46. Kg1 $17 {was worth a try.}) 46... Rd8 47. Qe4 Qa7 {[%emt 0:00:46] Black is more active.} 48. R4c2 {[%emt 0:00:56] Against Qf2+} Ra4 49. Rc8 $2 (49. Qe2 $17) 49... Rxe4 $2 (49... Qa6+ 50. Kf2 Qb6+ (50... Rxc8 51. Rxc8+ Qxc8 52. Qxa4 $11) 51. Kg3 Rxe4 52. fxe4 Ne7 53. Rxd8+ Qxd8) 50. Rxd8+ Kh7 51. Rcc8 Qa6+ $2 (51... Rxe5 52. Rh8#) (51... Qa1+ $19 52. Kf2 Qd4+ (52... Rxe5 53. Rh8#) 53. Kg3 Rxg4+ (53... Qxe5+ 54. f4 $11) 54. fxg4 Qxe5+ 55. Kh3 g5 56. hxg6+ Kxg6 57. Rg8+ Kh7 58. Rh8+ Qxh8 59. Rxh8+ Kxh8) 52. Kg1 $1 $15 Qa1+ $2 (52... Rxe5 53. Rh8#) (52... Qxc8 $15 53. Rxc8 Rxe5) 53. Kf2 $4 {[%emt 0:00:07][%mdl 8192] [#]} (53. Kh2 $18 {[%csl Gc8][%cal Rd8h8] was the only winning move.} Qxe5+ 54. f4 Qxh5+ 55. gxh5) 53... Qd4+ $1 $19 (53... Rxe5 54. Rh8#) 54. Kg3 {[%emt 0:00:44][%csl Gc8][%cal Rd8h8] [#]} Qxe5+ $2 (54... Rxg4+ $1 $19 55. fxg4 Qxe5+ 56. Kf3 g5 (56... Qf6+ $2 57. Ke2 $19) 57. hxg6+ Kxg6 58. Rg8+ Kf6) 55. f4 $1 $132 {[%emt 0:00:03][%csl Gc8][%cal Rd8h8][%mdl 2048] [#] White has counterplay} Qc3+ $1 56. Rxc3 Nxc3 {[%emt 0:00:01][%mdl 4096] Endgame. KRN-KRN} 57. Rf8 Rc4 58. Rxf7 Ne4+ 59. Kf3 Nf6 60. Re7 (60. Ne3 $11 Rc3 61. Ke2) 60... Rc3+ $1 $15 61. Ke2 $1 Rg3 62. Kf2 $1 (62. Ne3 $2 Rxe3+ (62... Nxg4 63. Nxg4 Rxg4 64. Rxe6 $11) 63. Kd2 Nxg4 $19) 62... Ne4+ (62... Nxg4+ $2 {loses.} 63. Kxg3 Nf6 64. Kh4 $18 (64. Rxe6 Nd5 $18)) 63. Kf1 (63. Ke2 $11) 63... Rxg4 64. Rxe6 Ng3+ 65. Kf2 {[%emt 0:00:14] Black must now prevent Kf3.} Nxh5 {[%emt 0:00:04][%cal Og4g2] ...Rxg2+! is the strong threat.} 66. Re4 Rg6 67. Ne3 Ra6 68. Kf3 Nf6 69. Rc4 Ra3 {[%emt 0:00:09] aiming for ...Nd5.} 70. Kf2 Kg6 71. f5+ (71. Ke2 $15) 71... Kg5 $19 72. Rc7 $2 {[%emt 0:00:18] [#]} (72. Nc2 $19 Ra7 73. Ne3) 72... Rxe3 $1 73. Rxg7+ (73. Kg2 Nh5) 73... Kf4 $1 {[%emt 0:00:04] What a fight!   Weighted Error Value: White=0.54/Black=0.72.  Loses game:     	White=2     	Black=1      Missed win:     	White=1     	Black=3      Mistake:       	White=12    	Black=9      Inaccurate:     	White=5     	Black=7      OK:         	White=12    	Black=15     Best:        	White=5     	Black=3      Strong:       	White=5     	Black=2      Brilliant:      	---       	Black=2} ({And not} 73... Kxf5 74. Kxe3 Ke5 75. Ra7 $11) 0-1

[Event "53rd Mar Del Plata Open 2024"]
[Site "Mar Del Plata"]
[Date "2024.03.24"]
[Round "3.2"]
[White "Felgaer, Ruben"]
[Black "Amura, Claudia"]
[Result "1-0"]
[ECO "B32"]
[WhiteElo "2565"]
[BlackElo "2207"]
[Annotator "TA"]
[PlyCount "43"]
[EventDate "2024.03.23"]
[EventType "swiss"]
[EventCountry "ARG"]
[SourceTitle "playchess.com"]
[Source "ChessBase"]
[SourceQuality "1"]
[TimeControl "5400+30"]

1. e4 c5 2. Nf3 Nc6 3. d4 cxd4 4. Nxd4 e5 5. Nb5 d6 6. N1c3 a6 7. Na3 b5 8. Nd5 Nge7 9. Bd3 Rb8 10. O-O Nxd5 (10... Nd4 $14) 11. exd5 $16 {[%emt 0:00:06] White is better.} Nd4 12. c3 Nf5 13. Nc2 g6 14. Nb4 {[%emt 0:00:30] And now Nc6 would win.} Qb6 (14... Bd7 $16 15. Nxa6 Ra8) 15. Nc6 Rb7 16. a4 {[%emt 0:01:00] [#] Threatens to win with axb5.} Bg7 17. axb5 axb5 18. Ra5 O-O 19. Rxb5 Qc7 20. Qa4 {[%emt 0:02:00] White is much more active.} h5 (20... Ne7 $16) 21. Bg5 $18 Bd7 {[%emt 0:01:00] [#]} (21... Re8 $142 22. Ra1 Rxb5 23. Qxb5 (23. Bxb5 f6 $18) 23... Bd7 24. Bxf5 gxf5) 22. Bd8 $1 {[%emt 0:01:00][%mdl 512] Weighted Error Value: White=0.04 (flawless) /Black=0.28 (precise) .  Mistake:       	---       	Black=4      Inaccurate:     	---       	Black=2      OK:         	White=10    	Black=5} 1-0

[Event "53rd Mar Del Plata Open 2024"]
[Site "Mar Del Plata"]
[Date "2024.03.24"]
[Round "3.3"]
[White "Tristan, Leonardo"]
[Black "Tobares, Leandro"]
[Result "1-0"]
[ECO "D00"]
[WhiteElo "2521"]
[BlackElo "2174"]
[Annotator "TA"]
[PlyCount "37"]
[EventDate "2024.03.23"]
[EventType "swiss"]
[EventCountry "ARG"]
[SourceTitle "playchess.com"]
[Source "ChessBase"]
[SourceQuality "1"]
[TimeControl "5400+30"]

1. d4 d5 2. Bf4 e6 3. e3 Bd6 4. Qg4 Nf6 5. Qxg7 Rg8 6. Qh6 Rg6 7. Qh4 Rg4 8. Qh3 {[%emt 0:00:11] White is slightly better.} Bxf4 9. exf4 Rxf4 10. Ne2 Rg4 11. f3 Rg8 12. Qh4 Nbd7 (12... Nc6 $11 {was preferrable.}) 13. g4 $16 {[%emt 0:06:58] g5 would now be deadly.} Nf8 14. Nbc3 Ng6 15. Qg3 Bd7 16. h4 b5 ({Better is} 16... Bc6 $14) 17. h5 Ne7 {[%emt 0:03:42] [#]} (17... Nf8 $16 18. a3 h6) 18. Qf4 $18 b4 19. Nd1 {[%emt 0:02:43] Weighted Error Value: White=0.06 (flawless) /Black=0.26 (precise) .  Loses game:     	---       	Black=1      Mistake:       	---       	Black=2      Inaccurate:     	White=2     	Black=1      OK:         	White=10    	Black=5} ({Don't do} 19. Qxf6 $6 bxc3 20. Nxc3 Nc6 21. Qxd8+ Kxd8 $18) 1-0

[Event "53rd Mar Del Plata Open 2024"]
[Site "Mar Del Plata"]
[Date "2024.03.25"]
[Round "3.4"]
[White "Acosta, Pablo Ismael"]
[Black "Jaque Gutierrez, Matias"]
[Result "1-0"]
[ECO "A09"]
[WhiteElo "2463"]
[BlackElo "2173"]
[Annotator "TA"]
[PlyCount "99"]
[EventDate "2024.03.23"]
[EventType "swiss"]
[EventCountry "ARG"]
[SourceTitle "playchess.com"]
[Source "ChessBase"]
[SourceQuality "1"]
[TimeControl "5400+30"]

1. Nf3 d5 2. c4 d4 3. e3 Nc6 4. Qa4 Bd7 5. Qb3 e5 6. exd4 exd4 7. Be2 Nf6 8. O-O {[%emt 0:00:49][%cal Of1e1] Black is slightly better.} Bc5 9. d3 O-O 10. Bg5 h6 11. Bxf6 Qxf6 12. Nbd2 Bf5 {[%emt 0:09:30] Against Ne4} 13. Rfe1 a5 14. a3 a4 15. Qc2 {[%emt 0:00:49] White is weak on the dark squares} g5 {[%emt 0:07:19] ...g4 would now be deadly.} 16. Nf1 (16. h3 $1 $11 {keeps the balance.}) 16... Bd6 (16... g4 $17 17. N3d2 Qg6) 17. Ng3 g4 $36 {[%emt 0:02:53][%mdl 2048] Black is pushing.} 18. Nd2 Bxg3 19. hxg3 Rfe8 20. Bf1 Qg6 21. c5 Ne5 22. Ne4 Re7 23. Rac1 Kf8 24. Qd2 Nc6 {[%emt 0:05:01] Against Qb4} 25. Qf4 Bxe4 (25... Rae8 $17) 26. Rxe4 $11 Rxe4 27. dxe4 Qg5 28. Rd1 Qxf4 (28... Qxc5 29. Qxh6+ (29. Qxg4 Re8 $14) 29... Kg8 30. Be2 $14) 29. gxf4 {[%emt 0:00:04][%mdl 4096] Endgame. KRB-KRN} Ra5 {[%emt 0:00:32] Dodges Bb5} 30. Rc1 Nb8 {[%emt 0:04:59] [#]} (30... Ke7 $11 {remains equal.}) 31. Rc4 $1 $16 {[%emt 0:00:48] White leaves nothing to chance now.} Nd7 32. c6 bxc6 33. Rxd4 Ke7 34. Kh2 {[%emt 0:00:33] White is more active.} Rh5+ (34... Rc5 $16) 35. Kg3 $18 Rh1 36. Be2 h5 {[%emt 0:01:23] [#]} (36... Nb6 {might work better.} 37. Rd1 (37. Bxg4 c5 $18) (37. Kxg4 h5+ 38. Kf3 Rc1 $18) 37... Rxd1 38. Bxd1 h5) 37. Rd1 $1 ({Inferior is} 37. Rxa4 f5 38. exf5 Nf6 39. Bxg4 (39. f3 $2 h4+ 40. Kf2 g3+ 41. Ke3 h3 $19) 39... hxg4 $15) 37... h4+ 38. Kxg4 Rh2 39. Kf3 h3 40. g3 Nc5 41. Ke3 {[%emt 0:00:11] e5 is the strong threat.} Ne6 42. Bg4 {[%emt 0:00:46] Strongly threatening f5.} c5 (42... f6 {keeps fighting.} 43. Bf3 Ke8) 43. Bxe6 {[%emt 0:00:17] White is clearly winning.} fxe6 {[%emt 0:00:13] KR-KR} 44. Kf3 {[%emt 0:00:05] Hoping for Rg1.} c4 45. e5 Rg2 {[%emt 0:00:22] Dodges Rg1} 46. Rh1 Kd7 47. g4 Kc6 48. g5 Kd5 49. Rxh3 Rg1 50. Rg3 {[%emt 0:00:02] Weighted Error Value: White=0.15 (very precise) /Black=0.36.  Mistake:       	White=1     	Black=6      Inaccurate:     	White=3     	Black=4      OK:         	White=13    	Black=10     Best:        	White=2     	Black=1      Strong:       	White=2     	---} 1-0

[Event "53rd Mar Del Plata Open 2024"]
[Site "Mar Del Plata"]
[Date "2024.03.25"]
[Round "3.5"]
[White "Spata, German"]
[Black "Navarrete Sandoval, Francisco"]
[Result "1-0"]
[ECO "E60"]
[WhiteElo "2421"]
[BlackElo "2173"]
[Annotator "TA"]
[PlyCount "103"]
[EventDate "2024.03.23"]
[EventType "swiss"]
[EventCountry "ARG"]
[SourceTitle "playchess.com"]
[Source "ChessBase"]
[SourceQuality "1"]
[TimeControl "5400+30"]

1. Nf3 Nf6 2. e3 g6 3. b3 Bg7 4. Bb2 O-O 5. d4 d6 6. Be2 Nbd7 7. O-O e5 8. dxe5 Ng4 9. c4 Ngxe5 10. Nc3 Nxf3+ 11. Bxf3 Re8 12. Qd2 Nf6 {[%emt 0:06:22] White has an edge.} 13. Rfe1 a5 14. Rad1 Qe7 15. h3 Rb8 (15... Nd7 $16) 16. Nd5 (16. Nb5 $18) 16... Nxd5 $14 17. Bxg7 Kxg7 18. cxd5 b6 19. Rc1 Rb7 20. Rc4 Bd7 (20... Qf6 $14) 21. Rec1 Rc8 22. Bg4 Bxg4 23. hxg4 b5 24. Rc6 b4 25. Qd3 Qd7 {[%emt 0:03:08] Black is weak on the light squares} 26. f3 Ra8 27. e4 {[%emt 0:01:48] White is more active.} a4 (27... Qe7 $142) 28. Ra6 $16 Qd8 29. bxa4 (29. Rxa4 $18 Rxa4 30. bxa4) 29... Rxa6 30. Qxa6 $18 {[%emt 0:00:08][%mdl 4096] Endgame. KQR-KQR} Qg5 31. Re1 Qd2 32. Kf1 Rb6 33. Qc4 Qc3 34. Qxc3+ bxc3 $16 {[%emt 0:00:02] KR-KR} 35. Rc1 c6 36. dxc6 (36. Rxc3 cxd5 37. Ra3 (37. exd5 Rb1+ 38. Ke2 Rb2+ 39. Kd3 Rxa2 $16) 37... dxe4) 36... Rxc6 37. Ke2 Rc4 38. Kd3 (38. a3 {simplifies} Rxa4 39. Rxc3 h5 40. gxh5 gxh5 41. Rd3) 38... Rxa4 39. Rc2 Ra3 40. Kc4 $1 {[%emt 0:00:09][%cal Oc4b4] Kb4! would now be deadly.} Kf6 {[%emt 0:01:13] [#]} (40... Ra8 $16 41. Kb3 (41. Rxc3 Rxa2 42. g3 Rg2 $11) (41. Kxc3 Kf6 $16) 41... Rb8+ 42. Kxc3 Rc8+ 43. Kd3 Ra8) 41. Kb4 $1 $18 (41. Rxc3 Rxa2 42. g3 h6 $11) 41... Ra8 {[%emt 0:00:28] [#]} 42. a4 $1 ({Don't play} 42. Kxc3 $6 Ke6 $16) ({Weaker is} 42. Rxc3 Rxa2 43. Kc4 Rxg2 $15) 42... Ke5 {[%emt 0:00:25] Threatens to win with ...Kd4.} 43. Rxc3 f5 44. exf5 gxf5 45. gxf5 Kxf5 $2 (45... Rb8+ 46. Ka3 Kxf5) 46. a5 h5 47. Ra3 {[%emt 0:01:42] And now a6 would win.} Rb8+ 48. Kc4 {[%emt 0:01:18] White mates.} Ke5 49. a6 d5+ 50. Kc5 Rc8+ 51. Kb6 Rc2 52. a7 {[%emt 0:13:05] Weighted Error Value: White=0.10 (very precise) /Black=0.37.  Mistake:       	White=2     	Black=5      Inaccurate:     	White=1     	Black=7      OK:         	White=12    	Black=7      Best:        	White=3     	Black=5      Strong:       	White=3     	---} 1-0

[Event "53rd Mar Del Plata Open 2024"]
[Site "Mar Del Plata"]
[Date "2024.03.24"]
[Round "3.6"]
[White "Marrujo Pardo, Mauricio Emmanuel"]
[Black "Rodriguez, Mathias"]
[Result "1-0"]
[ECO "B33"]
[WhiteElo "2337"]
[BlackElo "2157"]
[Annotator "RC"]
[PlyCount "65"]
[EventDate "2024.03.23"]
[EventType "swiss"]
[EventCountry "ARG"]
[SourceTitle "playchess.com"]
[Source "ChessBase"]
[SourceQuality "1"]
[TimeControl "5400+30"]

1. e4 c5 2. Nf3 Nc6 3. d4 cxd4 4. Nxd4 Nf6 5. Nc3 e5 6. Ndb5 d6 7. Bg5 a6 8. Na3 b5 9. Nd5 Be7 10. Bxf6 Bxf6 11. c4 b4 12. Nc2 a5 13. g3 Bg5 14. h4 Bh6 15. Bh3 Be6 16. Bxe6 fxe6 17. Qh5+ Kf8 18. Qf3+ Ke8 19. Nde3 Qf6 20. Qe2 Bxe3 21. Qxe3 Nd4 22. O-O-O Nxc2 23. Kxc2 Rc8 24. Rxd6 Rxc4+ 25. Kb1 Ke7 26. Rhd1 Rhc8 27. Qa7+ Kf8 28. f3 R4c7 29. Qxa5 Qxf3 30. Qxb4 Kf7 31. a4 Rc4 32. Qb7+ Kf6 33. Rxe6+ 1-0

[Event "53rd Mar Del Plata Open 2024"]
[Site "Mar Del Plata"]
[Date "2024.03.24"]
[Round "3.7"]
[White "Siccardi, Pablo Daniel"]
[Black "Espinoza Palomino, Willyam"]
[Result "0-1"]
[ECO "A40"]
[WhiteElo "2095"]
[BlackElo "2400"]
[Annotator "TA"]
[PlyCount "58"]
[EventDate "2024.03.23"]
[EventType "swiss"]
[EventCountry "ARG"]
[SourceTitle "playchess.com"]
[Source "ChessBase"]
[SourceQuality "1"]
[TimeControl "5400+30"]

1. d4 Nf6 2. c4 e6 3. a3 b6 4. Nc3 Bb7 5. f3 d5 6. cxd5 exd5 7. Bg5 Be7 8. e3 {[%emt 0:00:18] The position is equal.} O-O 9. Bd3 Re8 10. Bh4 (10. Nge2 $11 {remains equal.}) 10... Nh5 $17 11. Bf2 Bg5 $1 12. g4 (12. Nge2 $15) 12... Nf4 $19 13. Bf1 {[%emt 0:01:12] [#] Wards off Ng2+} Bh4 ({Better is} 13... Ng6 $1 14. h4 Rxe3+ (14... Bxh4 15. Bxh4 Nxh4 16. Qd2 $15) (14... Nxh4 15. f4 $11) (14... Bxe3 15. Bxe3 Rxe3+ 16. Kf2 $17) 15. Nge2 Bxh4 16. Rxh4 Rxc3 (16... Rxf3 17. Rh3 $16)) 14. Qd2 $17 c5 15. O-O-O cxd4 16. Bxh4 Qxh4 17. Qxd4 (17. exd4 $142 Ne6 18. Nb5) 17... Ne6 18. Qd2 Nd7 ({Black should play} 18... Nc6 $19 {...Rad8 would now be deadly.} 19. Nge2 Na5) 19. Bb5 Ndc5 {[%emt 0:00:29] Strongly threatening ...Nb3+.} 20. Kb1 {[%emt 0:01:07] [#]} Red8 {[%emt 0:00:33] White must now prevent ...d4.} 21. Nge2 {[%emt 0:02:19] [#]} d4 $1 22. exd4 {[%emt 0:01:54] Hoping for Qe3.} Bxf3 23. Qe1 Qxe1 24. Rhxe1 Ne4 $36 {[%emt 0:01:03][%mdl 2048] Black is really pushing. Black is more active.} 25. Nxe4 Bxe4+ 26. Bd3 Bf3 27. Bf5 Rd6 28. Rd3 $2 (28. d5 $17 {might work better.} Rad8 (28... Rxd5 $2 29. Rxd5 Bxd5 30. Nc3 $19) (28... Bxd5 29. Nc3 $16) 29. Kc1 (29. Rd3 $2 Bxe2 30. Rxe2 Nf4 $19) 29... Bxd5 (29... Rxd5 30. Rxd5 Bxd5 31. Nc3 $19) 30. Nc3) 28... Bxe2 $19 29. Rxe2 Nf4 {[%emt 0:00:09] Weighted Error Value: White=0.37/Black=0.10 (very precise) .  Loses game:     	White=1     	---        Mistake:       	White=3     	Black=2      Inaccurate:     	White=2     	---        OK:         	White=12    	Black=10     Best:        	White=1     	Black=4      Strong:       	---       	Black=1} ({Less strong is} 29... Nxd4 30. Be4 Rad8 (30... Nxe2 31. Rxd6 Rf8 32. Bf3 $14) 31. Re1 $17) (29... Rxd4 30. Rde3 $17) 0-1

[Event "53rd Mar Del Plata Open 2024"]
[Site "Mar Del Plata"]
[Date "2024.03.25"]
[Round "3.8"]
[White "Pereyra, Horacio"]
[Black "Valerga, Diego"]
[Result "1/2-1/2"]
[ECO "B19"]
[WhiteElo "2139"]
[BlackElo "2442"]
[Annotator "TA"]
[PlyCount "54"]
[EventDate "2024.03.23"]
[EventType "swiss"]
[EventCountry "ARG"]
[SourceTitle "playchess.com"]
[Source "ChessBase"]
[SourceQuality "1"]
[TimeControl "5400+30"]

1. e4 c6 2. d4 d5 3. Nd2 dxe4 4. Nxe4 Bf5 5. Ng3 Bg6 6. Nf3 Nd7 7. h4 h6 8. h5 Bh7 9. Bd3 Bxd3 10. Qxd3 e6 11. Bd2 Ngf6 12. O-O-O Qc7 13. Qe2 O-O-O 14. Ne5 Nb6 15. Ba5 Rd5 16. Bxb6 axb6 17. c4 Rd8 {[%emt 0:05:22] The position is equal.} 18. Kb1 c5 19. Nf3 (19. d5 {simplifies} exd5 20. Ng4 Nxg4 21. Qxg4+ Qd7 22. Qxd7+ Rxd7 23. cxd5 Be7 24. Nf5) 19... cxd4 20. Nxd4 (20. Rxd4 {simplifies} Bc5 21. Rxd8+ Rxd8 22. a3) 20... Bc5 21. Nb5 Qf4 22. Qc2 Qxf2 ({Much worse is} 22... Bxf2 23. Ne2 Qb8 (23... Qe5 24. Nec3 $18) 24. Nec3 $16) 23. Qa4 {[%emt 0:00:28][%cal Ra4a8] [#] Dancing on a razor blade.} Qxg3 24. Qa8+ Qb8 25. Na7+ Kc7 26. Nb5+ Kc8 27. Na7+ Kc7 {[%emt 0:44:56] Not much happened in this game.   Weighted Error Value: White=0.03 (flawless) /Black=0.02 (flawless) .  OK:         	White=4     	Black=5      Best:        	White=3     	---} 1/2-1/2

[Event "53rd Mar Del Plata Open 2024"]
[Site "Mar Del Plata"]
[Date "2024.03.25"]
[Round "3.9"]
[White "Unhold, Valentin"]
[Black "Kiselev, Vitalii"]
[Result "1/2-1/2"]
[ECO "A53"]
[WhiteElo "2146"]
[BlackElo "2519"]
[Annotator "TA"]
[PlyCount "121"]
[EventDate "2024.03.23"]
[EventType "swiss"]
[EventCountry "ARG"]
[SourceTitle "playchess.com"]
[Source "ChessBase"]
[SourceQuality "1"]
[TimeControl "5400+30"]

1. d4 Nf6 2. c4 d6 3. Nf3 Bg4 4. Nc3 Bxf3 5. exf3 c6 6. Be2 {[%emt 0:03:54] A53: Old Indian Defence without Nf3.} g6 7. O-O Bg7 8. Re1 O-O 9. d5 Nbd7 10. Be3 Re8 11. Qd2 $146 ({Predecessor:} 11. f4 Qc7 12. Rc1 a6 13. g4 Reb8 14. Bf3 c5 15. a4 Qd8 16. Bd2 Ne8 17. Qe2 {1-0 Moreno Trujillo,A (2499)-Suarez Garcia,C (2408) ESP-ch 80th Linares 2015 (9)}) 11... a5 12. Rab1 Nc5 13. b3 Nfd7 14. Rec1 Qc7 15. Bd1 Nb6 16. Ne4 Nbd7 17. a3 Nxe4 18. fxe4 c5 19. a4 e6 20. Bc2 exd5 21. exd5 Re7 22. Re1 Rae8 23. h3 Qd8 24. g3 Bd4 25. Bxd4 (25. Bh6 {keeps more tension.} Nf6 26. Kg2 b6 27. Bf4) 25... Rxe1+ 26. Rxe1 Rxe1+ 27. Qxe1 cxd4 28. Qd2 Qb6 29. Kg2 Ne5 30. f4 Nd7 31. g4 h6 32. h4 Qd8 33. g5 hxg5 34. hxg5 Qe7 35. Qxd4 (35. Qxa5 $2 {perishes.} Qe2+ 36. Kg3 Qxc2 $19) 35... Qe1 36. Qf2 Qc3 37. Qe2 Kf8 38. Qf2 Qb2 39. f5 Qc1 40. fxg6 Qxg5+ 41. Qg3 Qd2+ 42. Qf2 Qxf2+ 43. Kxf2 fxg6 44. Bxg6 Kg7 45. Bc2 Kf6 46. Ke3 Ke5 47. Kd3 Nc5+ 48. Kc3 Na6 49. Bh7 b6 50. Bc2 Kf4 51. Kd2 Nc5 52. Kc3 Ke3 53. Bg6 Na6 54. Bf5 Nb4 55. Bg6 Na6 56. Bf5 Kf4 57. Bg6 Ke5 58. Bc2 Nb8 59. Bg6 Nd7 60. Bb1 Nc5 61. Bc2 1/2-1/2

[Event "53rd Mar Del Plata Open 2024"]
[Site "Mar Del Plata"]
[Date "2024.03.25"]
[Round "3.10"]
[White "Melian, Juan Sebastian"]
[Black "Flores, Diego"]
[Result "0-1"]
[ECO "B40"]
[WhiteElo "2157"]
[BlackElo "2530"]
[Annotator "TA"]
[PlyCount "116"]
[EventDate "2024.03.23"]
[EventType "swiss"]
[EventCountry "ARG"]
[SourceTitle "playchess.com"]
[Source "ChessBase"]
[SourceQuality "1"]
[TimeControl "5400+30"]

1. e4 c5 2. Nf3 e6 3. c3 Nf6 4. Bd3 Nc6 5. Bc2 b6 6. O-O Bb7 7. Re1 Rc8 8. a3 {[%emt 0:03:37] White is slightly better.} Qc7 9. d4 cxd4 10. cxd4 Nb4 $1 11. Nc3 Nxc2 12. Qxc2 d5 13. exd5 (13. Ne5 $1 $11 a6 14. f3) 13... Nxd5 $15 14. Bd2 Be7 15. Qa4+ Qc6 16. Qxc6+ Bxc6 17. Ne5 Bb7 18. Nxd5 Bxd5 19. Rec1 O-O 20. Bb4 Bg5 {[%emt 0:00:47] This pair of bishops is nice.} 21. Rxc8 Rxc8 22. Bc3 Be7 23. f3 f6 24. Ng4 Kf7 25. Ne3 Bb3 26. Kf2 a5 27. g3 Bd8 28. Ke2 b5 29. f4 g6 30. Kd3 Bb6 31. Re1 Rd8 32. Nc2 h5 {[%emt 0:01:01] Black is more active.} 33. h4 (33. Ne3 $142) 33... Bxc2+ $17 34. Kxc2 Bxd4 35. Bxa5 {[%emt 0:01:59][%mdl 4096] Endgame. [#] KRB-KRB} Rc8+ 36. Bc3 Bf2 $1 37. Rd1 Bxg3 38. Rd7+ Ke8 39. Rg7 Bxf4 ({Black should play} 39... Rc4 40. Rxg6 Bxh4) 40. Rxg6 Ke7 41. Rg7+ Kd6 42. Kd3 (42. Rb7 $15) 42... e5 43. Rb7 {[%emt 0:02:20] [#]} Bg3 $1 44. Rxb5 Bxh4 45. Ke4 Rg8 ({Black should try} 45... Rc4+ $19 46. Kf5 Rf4+ 47. Kg6 Bg3 48. Kxh5 e4) 46. Kf5 $11 Bg5 47. Bb4+ Kc6 48. Rc5+ Kb6 49. a4 h4 50. a5+ (50. Rb5+ $1 $11 {keeps the balance.} Kc6 51. Rc5+ Kb6 52. Rb5+ Kc6 53. Rc5+ Kd7 54. Rd5+ Kc6 55. Rc5+) 50... Ka6 $17 {[%emt 0:00:26] ...h3 would now be deadly.} 51. Rc6+ Kb5 52. Rb6+ Kc4 53. b3+ Kd3 $1 ({Of course not} 53... Kxb3 54. Be7+ Ka4 55. Bxf6 $11) 54. Rd6+ Kc2 {[%emt 0:00:37][%cal Oh4h3] aiming for ...h3!} 55. Be1 $2 {[%emt 0:00:25] Loses the game.} (55. Rc6+ $17 Kb2 (55... Kxb3 56. Be1 $17) 56. Bc3+ Ka3 (56... Kxb3 57. Be1 $17) 57. Kg4) 55... h3 $19 {[%emt 0:00:25][%cal Oh3h2] Black is clearly winning.} ({Less strong is} 55... Kxb3 56. a6 $15) 56. Rc6+ Kd1 {[%emt 0:00:39][%cal Oh3h2] ( -> ...h2!)} (56... Kxb3 57. Rc3+ Ka4 58. Rxh3 $11) 57. Bg3 {[%emt 0:00:02] [#]} Bf4 $1 58. Rd6+ (58. Ke4 Rxg3) 58... Ke2 {[%emt 0:00:38] Weighted Error Value: White=0.28 (precise) /Black=0.09 (flawless) .  Loses game:     	White=1     	---        Mistake:       	White=4     	Black=2      Inaccurate:     	White=3     	Black=1      OK:         	White=18    	Black=11     Best:        	White=3     	Black=12     Strong:       	---       	Black=3} ({Weaker is} 58... Bd2 59. Bh2 $17) 0-1